 Dungeon Crawl Stone Soup version 0.27.1-34-g3ba077fa99 (webtiles) character file.

Game seed: 11998117527657159877

60 pkoi the Insei (level 3, -1/31 HPs)
             Began as a Draconian Monk on Jan 7, 2022.
             Slain by Jessica (4 damage)
             ... on level 3 of the Dungeon.
             The game lasted 00:01:30 (1639 turns).

pkoi the Insei (Draconian Monk)                     Turns: 1639, Time: 00:01:31

Health: -1/31      AC:  5    Str: 13    XL:     3   Next: 80%
Magic:  3/3        EV: 12    Int: 11    God:
Gold:   97         SH:  0    Dex: 13    Spells: 2/2 levels left

rFire    . . .     SeeInvis .     - Unarmed
rCold    . . .     Faith    .   (no shield)
rNeg     . . .     Spirit   .   (armour unavailable)
rPois    .         Reflect  .   (helmet restricted)
rElec    .         Harm     .   (no cloak)
rCorr    .         Rampage  .   (no gloves)
Will     .....                  (no boots)
Stlth    ++........             (no amulet)
HPRegen  0.10/turn              (no ring)
MPRegen  0.08/turn              (no ring)

@: no status effects
A: AC +5, unfitting armour, cold-blooded
a: no special abilities


You were on level 3 of the Dungeon.
You visited 1 branch of the dungeon, and saw 3 of its levels.

You collected 97 gold pieces.

Inventory:

Hand Weapons
 d - a +0 longbow
Scrolls
 b - a scroll of immolation {unknown}
 e - a scroll of blinking {unknown}
 f - a scroll of enchant weapon {unknown}
 g - a scroll of identify {unknown}
 h - a scroll of fog {unknown}
Potions
 a - a potion of mutation {unknown}
 c - 2 potions of curing {unknown}


   Skills:
 - Level 3.2 Fighting
 - Level 2.6 Dodging
 - Level 1.7 Stealth
 + Level 4.8 Unarmed Combat


You had 2 spell levels left.
You didn't know any spells.
Your spell library contained the following spells:

 Spells                   Type           Power      Damage    Failure   Level
 Beastly Appendage        Tmut           0%         N/A       34%         1
 Wereblood                Tmut           0%         N/A       47%         2
 Inner Flame              Hex/Fire       0%         N/A       71%         3
 Spider Form              Tmut/Pois      0%         N/A       71%         3
 Cause Fear               Hex            0%         N/A       98%         4
 Discord                  Hex            0%         N/A       100%        8


Dungeon Overview and Level Annotations

Branches:
Dungeon (3/15)

Altars:

Annotations:
D:3 Jessica


Innate Abilities, Weirdness & Mutations

Your plain brown scales are hard. (AC +5)
You cannot fit into any form of body armour.
You are cold-blooded and may be slowed by cold attacks.


Message History

You are too injured to fight recklessly!
You are too injured to fight recklessly!
You are too injured to fight recklessly!
You are too injured to fight recklessly!
You are too injured to fight recklessly!
You are too injured to fight recklessly!
You are too injured to fight recklessly!
You are too injured to fight recklessly!
You are too injured to fight recklessly!
You are too injured to fight recklessly!
You are too injured to fight recklessly!
You are too injured to fight recklessly!
You are too injured to fight recklessly!
You are too injured to fight recklessly!
You are too injured to fight recklessly!
You are too injured to fight recklessly!
You are too injured to fight recklessly!
You are too injured to fight recklessly!
You are too injured to fight recklessly!
You are too injured to fight recklessly!
You closely miss Jessica.
Jessica mumbles something strange.
Jessica hits you with a +7 club!
* * * LOW HITPOINT WARNING * * *
You closely miss Jessica. You tail-slap Jessica.
Jessica is heavily wounded.
Jessica casts a spell.
Jessica blinks!
Jessica gestures at you while chanting. Pain shoots through your body!
* * * LOW HITPOINT WARNING * * *
Jessica looks very angry.
Jessica hits you but does no damage.
You hit Jessica but do no damage.
Jessica is moderately wounded.
Jessica completely misses you.
You hit Jessica.
Jessica is heavily wounded.
Jessica hits you with a +7 club.
You die...

#### ..# # ### #.# # .##
..# #.#.#...# #.#
#.###@#...... #.#
#.....@...... #.#
#####.#.##.##
##.######## #.#.#
##..♣.......##.#.#####
#...P..<..............
###♣.♣_..#######.#######
.....♣..♣........#
##...P.♣.#########


You could see Jessica.

Vanquished Creatures
  An adder (D:2)
  2 dart slugs (D:2)
  An orc (D:2)
  3 ball pythons
  2 endoplasms
  2 goblins
  4 hobgoblins (D:1)
  9 kobolds
  2 quokkas (D:2)
  5 bats
  5 frilled lizards
  8 rats
44 creatures vanquished.

Notes
Turn   | Place    | Note
-------+----------+-------------------------------------------
     0 | D:1      | pkoi the Draconian Monk began the quest for the Orb.
     0 | D:1      | Reached XP level 1. HP: 19/19 MP: 1/1
   185 | D:1      | Reached XP level 2. HP: 21/26 MP: 2/2
   494 | D:1      | Reached skill level 4 in Unarmed Combat
   930 | D:2      | Reached XP level 3. HP: 31/31 MP: 3/3
  1599 | D:3      | Found a faded altar of an unknown god.
  1627 | D:3      | Noticed Jessica
  1639 | D:3      | Slain by Jessica

Illustrated notes

Levels and vault maps discovered:
D:1:      lemuel_arrival_funnel, layout_basic
D:2:      layout_loops_ring
D:3:      layout_loops_ring, vehumet_statue, ebering_ecumenical_altar_petrified,
          gammafunk_ghost_arena, uniq_grinder, uniq_jessica

Skill      XL: |  1  2 |
---------------+-------+-----
Unarmed Combat | 4 |  4.8
Fighting       | |  3.2
Dodging        | |  2.6
Stealth        | |  1.7

Action                   || total
-------------------------++-------
Melee: Unarmed           ||   123
       Tailslap          ||    15
       Punch             ||     1
  Use: Scroll            ||     1
 Stab: Sleeping          ||     1
Armor: Skin              ||    32
Dodge: Dodged            ||    86
